 Dungeon Crawl Stone Soup version 0.23.2-30-g0e89c35649 (webtiles) character file.

Game seed: 721273904529426904

590 diana the Skirmisher (level 7, 0/44 HPs)
             Began as a Gargoyle Berserker on June 9, 2019.
             Was a Priest of Trog.
             Slain by an ogre
             ... wielding a cursed -3 giant club
              (6 damage)
             ... on level 4 of the Dungeon.
             The game lasted 00:04:24 (3398 turns).

diana the Skirmisher (Gargoyle Berserker)           Turns: 3398, Time: 00:04:25

Health: 0/44       AC: 17    Str: 22    XL:     7   Next: 38%
Magic:  7/7        EV:  8    Int:  7    God:    Trog [***...]
Gold:   169        SH:  3    Dex: 10    Spells: 6/6 levels left

rFire    . . .     SeeInvis .   n - +0 morningstar
rCold    . . .     Gourm    .   o - +0 buckler
rNeg     + . .     Faith    .   d - +0 chain mail
rPois    ∞         Spirit   .   (no helmet)
rElec    +         Reflect  .   (no cloak)
rCorr    .         Harm     .   a - +2 pair of gloves
MR       .....                  (no boots)
Stlth    ..........             (no amulet)
HPRegen  0.14/turn              (no ring)
MPRegen  0.10/turn              (no ring)

@: no status effects
A: negative energy resistance 1, electricity resistance, unbreathing,
petrification resistance, rot immunity, AC +4
a: Berserk, Trog's Hand, Renounce Religion


You were on level 4 of the Dungeon.
You worshipped Trog.
Trog was most pleased with you.
You were not hungry.

You visited 1 branch of the dungeon, and saw 4 of its levels.

You collected 169 gold pieces.

Inventory:

Hand Weapons
 n - a +0 morningstar (weapon)
Armour
 a - a +2 pair of gloves (worn)
 d - a +0 chain mail (worn)
 o - a +0 buckler (worn)
Scrolls
 e - a scroll of teleportation {unknown}
 f - 2 scrolls of enchant armour {unknown}
 g - 2 scrolls of identify {unknown}
 i - a scroll of immolation {unknown}
 j - 3 scrolls of magic mapping {unknown}
 m - a scroll of blinking {unknown}
Potions
 b - a potion of might {unknown}
 h - a potion of ambrosia {unknown}
 k - a potion of heal wounds {unknown}
 l - a potion of brilliance {unknown}
Comestibles
 c - 5 rations
 p - 2 chunks of flesh


   Skills:
 + Level 5.1 Fighting
 + Level 4.7 Maces & Flails
 + Level 4.5 Armour
 + Level 3.4 Dodging
 + Level 1.7 Shields


You had 6 spell levels left.
You didn't know any spells.
Your spell library was empty.

Dungeon Overview and Level Annotations

Branches:
Dungeon (4/15)
 Temple: D:4-7

Altars:
Dithmenos


Innate Abilities, Weirdness & Mutations

You are resistant to torment.
Your stone body is resilient. (AC +4)
You are immune to poison.
You resist negative energy. (rN+)
You are resistant to electric shocks. (rElec)
You can survive without breathing.
You are immune to petrification.
You are immune to rotting.


Message History

You kill the howler monkey!
Trog accepts your kill.
The ogre hits you with a cursed -3 giant club.
You puncture the ogre!
The ogre is moderately wounded.
The ogre hits you but does no damage.
You puncture the ogre!
The ogre is almost dead.
The ogre closely misses you.
You barely miss the ogre.
The ogre is almost dead.
The ogre closely misses you.
You hit the ogre but do no damage.
The ogre is almost dead.
The ogre hits you with a cursed -3 giant club!
* * * LOW HITPOINT WARNING * * *
Your chain mail prevents you from hitting the ogre.
The ogre is almost dead.
The ogre hits you with a cursed -3 giant club.
You die...

...####...###.#
#.# #....
..........'...#
#.# #....
..#####...#####
#.# ###.. ###
#####
#.######.. ##
#.........
##.##
######..PP
##.#.# #....
##.#O#.# #....
##.#@#.#.#
#.###
##.#.##..#.#
##.# ##.#.##
.#.## ##..#
##.#.## #.##
##...# ##.#.##
# ##.#..#
##.#.##
##.#.#.# #.#.##
##.#.##.#
#.#.##
##.#.###.#
##.#.## ##.#.##
#.#


You could see an ogre.

Vanquished Creatures
  A phantom (D:4)
  An ogre (D:4)
  A howler monkey (D:4)
  An orc priest (D:3)
  A bullfrog skeleton (D:4)
  Jessica (D:3)
  2 orc wizards (D:3)
  A hound skeleton (D:4)
  2 worker ant zombies (D:4)
  8 adders
  An ooze (D:2)
  An adder zombie (D:4)
  3 worms
  3 dart slugs
  2 leopard geckos
  5 orcs (D:3)
  8 giant cockroaches
  12 goblins
  10 hobgoblins
  4 jackals
  7 kobolds
  4 quokkas
  10 bats
  4 frilled lizards
  A giant cockroach zombie (D:4)
  A leopard gecko zombie (D:4)
  A quokka zombie (D:4)
  6 rats
102 creatures vanquished.

Vanquished Creatures (others)
  An orc wizard (D:3)
1 creature vanquished.

Grand Total: 103 creatures vanquished

Notes
Turn   | Place    | Note
-------+----------+-------------------------------------------
     0 | D:1      | diana the Gargoyle Berserker began the quest for the Orb.
     0 | D:1      | Reached XP level 1. HP: 14/14 MP: 1/1
   240 | D:1      | Reached XP level 2. HP: 19/19 MP: 2/2
   403 | D:1      | Reached XP level 3. HP: 21/23 MP: 3/3
   407 | D:1      | Reached ** piety under Trog
   977 | D:2      | You fall through a shaft!
  1076 | D:3      | Reached XP level 4. HP: 29/29 MP: 4/4
  1098 | D:3      | Noticed Jessica
  1109 | D:3      | Killed Jessica
  1109 | D:3      | Reached skill level 4 in Fighting
  1331 | D:3      | Reached XP level 5. HP: 5/33 MP: 5/5
  2218 | D:3      | Reached XP level 6. HP: 39/39 MP: 6/6
  2629 | D:2      | Reached *** piety under Trog
  3050 | D:3      | Found a shadowy altar of Dithmenos.
  3246 | D:4      | Noticed a phantom
  3270 | D:4      | Killed a phantom
  3270 | D:4      | Reached skill level 1 in Shields
  3270 | D:4      | Reached XP level 7. HP: 38/44 MP: 7/7
  3297 | D:4      | Reached skill level 5 in Fighting
  3398 | D:4      | Slain by an ogre

Skill      XL: |  1  2  3  4  5  6  7 |
---------------+----------------------+-----
Dodging        | 2 3 |  3.4
Fighting       | 4 5 |  5.1
Armour         | 3 4 |  4.5
Maces & Flails | 4 |  4.7
Shields        | 1 |  1.7

Action                   |  1- 3 |  4- 6 |  7- 9 || total
-------------------------+-------+-------+-------++-------
Melee: Mace              |   168 |   104 |       ||   272
       Morningstar       |       |   147 |    53 ||   200
Invok: Trog's Hand       |       |     1 |     2 ||     3
  Eat: Chunk             |       |     7 |     3 ||    10
Armor: Animal skin       |    10 |       |       ||    10
       Chain mail        |   136 |   219 |    33 ||   388
Dodge: Dodged            |   143 |   133 |    25 ||   301
Block: Buckler           |       |     5 |     2 ||     7
